 Dungeon Crawl Stone Soup version 0.24-a0-504-gcfb02b9d07 (webtiles) character file.

Game seed: 131569305984354443

3746 SSevenTwenty the Cleaver (level 9, -4/93 HPs)
             Began as a Minotaur Berserker on July 16, 2019.
             Was an Elder of Trog.
             Slain by a killer bee (7 damage)
             ... on level 8 of the Dungeon.
             The game lasted 00:20:37 (7624 turns).

SSevenTwenty the Cleaver (Minotaur Berserker)       Turns: 7624, Time: 00:20:38

Health: -4/93      AC: 19    Str: 27    XL:     9   Next: 93%
Magic:  8/8        EV:  8    Int:  9    God:    Trog [****..]
Gold:   365        SH:  0    Dex: 10    Spells: 8/8 levels left

rFire    + . .     SeeInvis .   a - +0 hand axe
rCold    + . .     Gourm    .   (no shield)
rNeg     + + .     Faith    .   m - +0 plate armour
rPois    +         Spirit   .   (helmet restricted)
rElec    +         Reflect  .   (no cloak)
rCorr    +         Harm     .   x - +1 pair of gloves "Qaoruj" {rN++}
MR       .....                  d - +1 pair of boots
Stlth    ..........             (no amulet)
HPRegen  0.25/turn              l - +5 ring of strength
MPRegen  0.11/turn              (no ring)

@: lethally poisoned (-4 -> -7), resistant, flying, drained
A: retaliatory headbutt, horns 2, iridescent scales 1, clever 1
a: Berserk, Trog's Hand, Brothers in Arms, Renounce Religion


You were on level 8 of the Dungeon.
You worshipped Trog.
Trog was greatly pleased with you.
You were hungry.

You visited 1 branch of the dungeon, and saw 8 of its levels.

You collected 365 gold pieces.

Inventory:

Hand Weapons
 a - a +0 hand axe (weapon)
Armour
 d - a +1 pair of boots (worn)
 m - a +0 plate armour (worn)
 o - a +0 ring mail
 t - a +0 ring mail
 x - the +1 pair of gloves "Qaoruj" (worn) {rN++}
   (You found it on level 7 of the Dungeon)

   It greatly protects you from negative energy.
Jewellery
 l - a +5 ring of strength (left hand)
Wands
 i - a wand of iceblast (7)
 w - a wand of disintegration (17)
Scrolls
 b - a scroll of magic mapping {unknown}
 e - 3 scrolls of immolation {unknown}
 f - 4 scrolls of remove curse {unknown}
 h - 9 scrolls of identify {unknown}
 j - 2 scrolls of teleportation {unknown}
 k - a scroll of enchant weapon {unknown}
 p - a scroll of fear {unknown}
 r - 2 scrolls of amnesia {unknown}
 u - a scroll of blinking {unknown}
Potions
 g - a potion of agility
 s - a potion of mutation
Comestibles
 c - 13 rations


   Skills:
 * Level 13.0(12.2) Fighting
 * Level 13.0(12.2) Axes
 + Level 7.3(6.6) Armour
 - Level 2.2(1.6) Dodging


You had 8 spell levels left.
You didn't know any spells.
Your spell library was empty.

Dungeon Overview and Level Annotations

Branches:
Dungeon (8/15)             Temple (0/1) D:7
   Lair: D:8-11

Altars:
Ashenzari
Kikubaaqudgha
Makhleb
Qazlal
Uskayaw
Vehumet


Innate Abilities, Weirdness & Mutations

You reflexively headbutt those who attack you in melee.
You have a pair of horns on your head.
You are partially covered in iridescent scales. (AC +2)
Your mind is acute. (Int +2)


Message History

You feel sick. The killer bee barely misses you. You furiously retaliate!
You headbutt the killer bee!
You kill the killer bee!
Trog accepts your kill.
The killer bee stings you but does no damage.
It was a potion of resistance.
You feel protected.
* * * LOW HITPOINT WARNING * * *
You feel sick.
The killer bee stings you but does no damage.
The killer bee barely misses you. You furiously retaliate!
You headbutt the killer bee! You slash the killer bee!
You kill the killer bee!
Trog accepts your kill.
You hit the killer bee. You headbutt the killer bee.
The killer bee is heavily wounded.
* * * LOW HITPOINT WARNING * * *
You feel sick. The killer bee stings you!
You die...

.....##.# .....##.# .....##.#
.....##.# ###...
..#####'##########....#
...#.............#....#
...#.....###.###.#....# #
...#.....# #.# #.#....# .##
...#(....###'###@#....# ..[.
...#.......'_###y#....##...$.
#######..###'###y+.†.)'......
#..# #.# #....))#.....
#..###.###..###.# #..
#.......)...# #†yy.....
#.....###...# #yyy..###
###### ##### #yy.#.# ##..# .#


You could see 2 killer bees.

Vanquished Creatures
  A hippogriff (D:7)
  2 orc warriors (D:6)
  A black bear (D:6)
  2 ice beasts
  A sky beast (D:6)
  An ogre (D:7)
  A necrophage (D:7)
  2 phantoms
  3 centaurs (D:5)
  4 bullfrogs
  6 killer bees (D:8)
  5 wights
  4 howler monkeys (D:7)
  A quasit (D:6)
  3 orc priests
  3 bullfrog skeletons
  4 hounds
  5 orc wizards
  5 worker ants
  An iguana (D:6)
  2 worker ant zombies (D:5)
  8 adders
  3 oozes
  An adder zombie (D:7)
  A worm (D:1)
  2 dart slugs (D:3)
  6 leopard geckos
  28 orcs
  4 bats
  4 giant cockroaches
  3 goblins
  9 hobgoblins
  9 jackals
  2 quokkas
  3 ball pythons
  4 frilled lizards
  A jackal zombie (D:5)
  7 kobolds
  A leopard gecko zombie (D:6)
  A quokka zombie (D:6)
  7 rats
161 creatures vanquished.

Notes
Turn   | Place    | Note
-------+----------+-------------------------------------------
     0 | D:1      | SSevenTwenty the Minotaur Berserker began the quest for the
                  | Orb.
     0 | D:1      | Reached XP level 1. HP: 19/19 MP: 0/0
   281 | D:1      | Reached XP level 2. HP: 25/27 MP: 1/1
   730 | D:2      | Reached XP level 3. HP: 30/34 MP: 2/2
   905 | D:2      | Reached ** piety under Trog
  1064 | D:2      | Found a shattered altar of Ashenzari.
  1388 | D:3      | Reached XP level 4. HP: 32/41 MP: 3/3
  1410 | D:3      | Reached skill level 5 in Fighting
  1410 | D:3      | Reached skill level 5 in Axes
  2157 | D:3      | Reached XP level 5. HP: 45/48 MP: 4/4
  2369 | D:3      | Noticed a phantom
  2444 | D:3      | Killed a phantom
  3146 | D:4      | Reached XP level 6. HP: 57/57 MP: 5/5
  3183 | D:4      | Found a hide-covered altar of Uskayaw.
  3183 | D:4      | Found a burning altar of Makhleb.
  3348 | D:4      | Reached *** piety under Trog
  3476 | D:4      | Received a gift from Trog
  3919 | D:5      | Entered Level 5 of the Dungeon
  4208 | D:5      | Reached XP level 7. HP: 21/66 MP: 6/6
  4739 | D:5      | Reached XP level 8. HP: 56/83 MP: 7/7
  4879 | D:5      | Found a radiant altar of Vehumet.
  5275 | D:5      | Found a stormy altar of Qazlal.
  5666 | D:6      | Reached XP level 9. HP: 85/90 MP: 8/8
  6847 | D:7      | Reached **** piety under Trog
  6864 | D:7      | Found a staircase to the Ecumenical Temple.
  7308 | D:7      | Got a pair of slimy gloves
  7332 | D:7      | Identified the +1 pair of gloves "Qaoruj" {rN++} (You found
                  | it on level 7 of the Dungeon)
  7577 | D:8      | Found an ancient bone altar of Kikubaaqudgha.
  7599 | D:8      | Noticed a queen bee
  7621 | D:8      | Gained mutation: You are partially covered in iridescent
                  | scales. (AC +2) [potion of mutation]
  7621 | D:8      | Gained mutation: Your mind is acute. (Int +2) [potion of
                  | mutation]
  7621 | D:8      | HP: 4/93 [poisoned by a killer bee]
  7624 | D:8      | Slain by a killer bee

Levels and vault maps discovered:
D:1:      evilmike_arrival_run_for_it, layout_loops_ring
D:2:      layout_rooms, nicolae_overflow_hidden_temple, first_ration
D:3:      layout_loops_ring
D:4:      layout_loops_corners, chequers_temple_overflow_statue_of_worship
D:5:      layout_cave_pools, hangedman_feature_mirror
D:6:      layout_basic
D:7:      layout_loops_ring, minmay_temple_entry_grid
D:8:      layout_basic, lemuel_doored_altar, st_stairs_3, david_nohive_1,
          minmay_misc_feat_four_crosses

Skill      XL: |  1  2  3  4  5  6  7  8  9 |
---------------+----------------------------+-----
Fighting       | 4 5 6 7 11 12 13 | 13.0
Axes           | 4 5 6 7 11 12 13 | 13.0
Armour         | 6 7 |  7.3
Dodging        | |  2.2

Action                   |  1- 3 |  4- 6 |  7- 9 || total
-------------------------+-------+-------+-------++-------
Melee: Hand axe          |    79 |   164 |   267 ||   510
       Headbutt          |    13 |    25 |    54 ||    92
  Use: Potion            |     1 |     2 |    16 ||    19
  Eat: Chunk             |     1 |     9 |     4 ||    14
       Ration            |       |       |     2 ||     2
Armor: Animal skin       |    21 |     5 |       ||    26
       Leather armour    |       |    31 |    11 ||    42
       Ring mail         |       |       |    26 ||    26
       Plate armour      |       |       |    84 ||    84
Dodge: Dodged            |    57 |   106 |   114 ||   277

Table legend:
 A = Non-vault XP
 B = Vault XP
 C = Vault XP percentage of total XP
 D = Non-vault monster count
 E = Vault monster count
 F = Vault count percentage of total count
                 A         B        C        D         E       F
            +---------+---------+-------+---------+---------+-------
      Total |    3830 |     479 |  11.1 |     153 |       8 |   5.0
            +---------+---------+-------+---------+---------+-------
        D:1 |      32 |       5 |  13.5 |      20 |       1 |   4.8
        D:2 |      46 |       0 |   0.0 |      10 |       0 |   0.0
        D:3 |     244 |       0 |   0.0 |      28 |       0 |   0.0
        D:4 |     355 |       0 |   0.0 |      24 |       0 |   0.0
        D:5 |     471 |     110 |  18.9 |      10 |       1 |   9.1
        D:6 |     980 |       0 |   0.0 |      24 |       0 |   0.0
        D:7 |    1658 |       0 |   0.0 |      33 |       0 |   0.0
        D:8 |      44 |     364 |  89.2 |       4 |       6 |  60.0
            +---------+---------+-------+---------+---------+-------
